 Dungeon Crawl Stone Soup version 0.26-a0-952-g76694b35de (webtiles) character file.

Game seed: 15965115608008912190

254969 KCGemini the Slayer (level 19, 103/103 HPs)
             Began as a Felid Berserker on Nov 29, 2020.
             Was the Champion of Trog.
             Quit the game on level 1 of the Shoals.
             The game lasted 01:30:06 (52376 turns).

KCGemini the Slayer (Felid Berserker)              Turns: 52376, Time: 01:30:06

Health: 103/103    AC:  3    Str: 13    XL:     19   Next: 41%
Magic:  20/20      EV: 37    Int: 11    God:    Trog [******]
Gold:   1716       SH:  5    Dex: 24    Spells: 18/18 levels left
                                        Lives:  1   Deaths: 1

rFire    + . .     SeeInvis +     - Unarmed
rCold    + . .     Faith    .   (shield unavailable)
rNeg     . . .     Spirit   .   (armour unavailable)
rPois    .         Reflect  +   (helmet unavailable)
rElec    .         Harm     .   (cloak unavailable)
rCorr    +         Rampage  .   (gloves unavailable)
MR       ++...     Clarity  +   (boots unavailable)
Stlth    ++++++++..             d - amulet of reflection
HPRegen  0.27/turn              v - ring "Aqiufynk" {rF+ Dex+2}
MPRegen  0.17/turn              P - ring of resist corrosion

@: studying Evocations, quick
A: very small, no armour, no weapons or thrown items, stealth, antennae 1, claws
1, fangs 3, see invisible, clarity, speed 1, shaggy fur 3, sharp paws
}: 1/15 runes: serpentine
a: Berserk, Trog's Hand, Brothers in Arms, Renounce Religion


You were on level 1 of the Shoals.
You worshipped Trog.
Trog was exalted by your worship.
You visited 8 branches of the dungeon, and saw 35 of its levels.
You also visited: Bailey, Gauntlet and Volcano.

You collected 3973 gold pieces.
You spent 2257 gold pieces at shops.

Inventory:

Jewellery
 d - an amulet of reflection (around neck)
 k - an uncursed ring of magical power
 q - an uncursed ring of protection from magic
 v - the ring "Aqiufynk" (left paw) {rF+ Dex+2}
   (You bought it in a shop on level 15 of the Dungeon)

   [ring of protection from fire]

   It affects your dexterity (+2).
   It protects you from fire.
 A - an uncursed ring of poison resistance
 D - an uncursed ring of ice
 P - a ring of resist corrosion (right paw)
 Q - the amulet "Vobeup" {rF+ rN+ Regen+}
   (You found it on level 1 of the Lair of Beasts)

   [amulet of regeneration]

   It protects you from fire.
   It protects you from negative energy.
   It increases your rate of regeneration.
 S - an uncursed ring of protection from cold
 T - an uncursed ring of protection from fire
 U - an uncursed ring of stealth
Wands
 l - a wand of disintegration (36)
 p - a wand of digging (26)
 s - a wand of iceblast (50)
 B - a wand of flame (44)
 E - a wand of polymorph (16)
 H - a wand of paralysis (24)
Scrolls
 a - 13 scrolls of remove curse
 b - 7 scrolls of immolation
 h - 3 scrolls of fear
 o - a scroll of silence
 t - 12 scrolls of teleportation
 w - 10 scrolls of fog
 x - 6 scrolls of blinking
 y - 2 scrolls of torment
 F - a scroll of summoning
 G - a scroll of holy word
 L - a scroll of vulnerability
 M - 7 scrolls of identify
 V - a scroll of magic mapping
Potions
 c - 6 potions of haste
 e - 7 potions of berserk rage
 f - 11 potions of might
 g - 11 potions of curing
 i - 3 potions of cancellation
 j - 5 potions of resistance
 m - 5 potions of attraction
 n - 2 potions of flight
 r - 6 potions of heal wounds
 u - 4 potions of ambrosia
 z - a potion of invisibility
 K - 2 potions of mutation
Books
 R - a manual of Evocations
Miscellaneous
 C - a phial of floods
 I - a phantom mirror
 J - a box of beasts
 N - a tin of tremorstones (2/2)
 O - a condenser vane


   Skills:
 * Level 21.1 Fighting
 + Level 19.0 Dodging
 + Level 19.8 Stealth
 + Level 17.7 Unarmed Combat
 - Level 20.0 Evocations


You had 18 spell levels left.
You didn't know any spells.
Your spell library was empty.

Dungeon Overview and Level Annotations

Branches:
Dungeon (15/15)            Temple (0/1) D:6            Lair (6/6) D:9
 Shoals (1/4) Lair:3        Snake (4/4) Lair:4        Slime (2/5) Lair:5
    Orc (2/2) D:12            Elf (1/3) Orc:2        Vaults (4/5) D:13
  Crypt (0/3) Vaults:2     Depths (0/5) D:15         Bailey (visited)
Volcano (visited)         Gauntlet (visited)

Altars:
Ashenzari
Dithmenos
Makhleb
Vehumet
Xom
Jiyva

Shops:
D:8 *   D:11 (   D:14 :   D:15 *??   Orc:2 =!}(   Snake:2 *   Vaults:1 *!=![
Vaults:3 ?

Portals:
Trove: Vaults:4 (give 12 potions of heal wounds)

Annotations:
Lair:2 2 transporters
Slime:1 exclusion: downstairs
Vaults:1 3 runed translucent doors, Kipt's ghost, adept SpFE; Lopreidd's ghost, veteran TeAM


Innate Abilities, Weirdness & Mutations

You cannot wear armour.
You are incapable of wielding weapons or throwing items.
Your paws allow you to move quietly. (Stealth)
You have sharp claws.
You have razor-sharp teeth.
You have supernaturally acute eyesight. (SInv)
You cover ground quickly.
Your thick and shaggy fur keeps you warm. (AC +3, rC+)
Your sharp claws are effective at attacking unaware monsters.
You have a pair of small antennae on your head.
You possess an exceptional clarity of mind.


Message History

The harpy completely misses you. You block the harpy's attack.
A tentacle segment bursts forth from the water. x3
The tentacle completely misses you. x2
You mangle the harpy!! You claw the harpy! Your bite misses the harpy.
* * * LOW HITPOINT WARNING * * *
Your lungs strain for air!
The harpy claws you!
* * * LOW HITPOINT WARNING * * *
The harpy completely misses you. The tentacle completely misses you.
The water elemental completely misses you.
The tentacle closely misses you.
You claw the harpy!
You kill the harpy!
Trog accepts your kill.
You die...
Your lungs strain for air!
You are now level 19!
You rejoin the land of the living...
Okay, then.
Enter note: shocker

≈ ≈≈≈≈≈≈. ≈≈≈≈≈
≈ ≈≈≈≈... .≈≈≈≈
≈
≈≈≈≈≈..###.≈≈≈≈
≈
≈≈≈≈≈≈≈....≈≈≈≈
≈
≈≈≈≈≈≈≈...≈≈≈≈≈
≈
≈≈≈≈≈≈≈....≈≈≈≈
≈
≈≈≈≈≈≈≈...≈≈≈≈≈
≈
≈≈≈≈≈≈≈@.≈≈≈≈≈≈
≈
≈≈≈≈≈≈≈..≈≈....
≈
≈≈≈≈≈≈≈≈.≈≈...≈
≈
≈≈≈≈≈≈≈≈≈≈≈≈≈≈≈
≈
≈≈≈≈.≈≈≈≈≈.≈≈≈≈
≈
≈≈≈≈≈.≈≈≈≈≈≈≈≈≈
≈
≈≈≈≈≈.≈.≈≈≈≈≈.≈
≈≈≈.....≈≈≈≈...


There were no monsters in sight!

Vanquished Creatures
  Nikola (Snake:1)
  Jorgrun (D:14)
  3 acid blobs
  A sphinx (Vaults:1)
  2 tengu reavers
  8 nagarajas (Snake:4)
  Roxanne (Snake:3)
  An azure jelly (Slime:1)
  Aizul (Snake:4)
  4 vault wardens
  A deep elf sorcerer (Vaults:2)
  2 fire giants
  A frost giant (Vaults:4)
  5 ironheart preservers
  10 very ugly things
  An entropy weaver (Vaults:4)
  3 stone giants
  3 deep elf demonologists
  A deep elf annihilator (Vaults:1)
  A dire elephant (Lair:6)
  A spark wasp (shapeshifter) (Vaults:2)
  A minotaur (Gauntlet)
  4 deep elf death magi
  2 ettins (Vaults:3)
  Josephine (Lair:5)
  A merfolk impaler (Shoals:1)
  A crystal guardian (Vaults:4)
  3 fire dragons
  9 yaktaur captains
  A deep elf high priest (Vaults:4)
  A jiangshi (Vaults:2)
  4 rakshasas
  5 vault guards
  10 naga warriors
  4 great orbs of eyes
  5 boulder beetles
  12 centaur warriors
  11 hydras
  18 anacondas
  A death knight (Vaults:2)
  An ice dragon (Vaults:1)
  A catoblepas (Lair:6)
  Erica (Lair:2)
  A tengu warrior (D:13)
  15 death yaks
  A vampire mage (Vaults:1)
  A deep troll shaman (Lair:6)
  14 ogre magi
  36 two-headed ogres
  6 shock serpents
  Urug (Lair:5)
  13 naga sharpshooters
  3 deep elf knights
  A hell knight (Volcano)
  6 salamander mystics
  A shadow wraith (Vaults:4)
  2 sea snakes (Shoals:1)
  3 unseen horrors
  An unseen horror (shapeshifter) (D:15)
  A small abomination (Vaults:2)
  2 flayed ghosts (Vaults:2)
  A glowing orange brain (Vaults:2)
  8 deep elf archers
  4 naga ritualists
  12 ironbrand convokers
  An obsidian statue (Vaults:1)
  15 wizards
  2 phantasmal warriors (Vaults:2)
  A wolf spider (Vaults:1)
  2 necromancers (Vaults:1)
  10 orc knights
  A wolf spider zombie (D:12)
  2 orc sorcerers
  An orb spider (shapeshifter) (Vaults:4)
  3 manticores (Shoals:1)
  7 lindwurms
  12 harpies
  8 mana vipers
  3 oklob plants (Lair:3)
  29 ugly things
  8 cyclopes
  13 salamanders
  18 deep elf magi
  9 elephants (Lair:6)
  A frost giant skeleton (Vaults:3)
  A worldbinder (Gauntlet)
  A faun (shapeshifter) (Vaults:1)
  2 sphinx skeletons (Vaults:1)
  7 guardian serpents
  A guardian serpent (shapeshifter) (Vaults:3)
  A gargoyle (D:13)
  2 water nymphs (Shoals:1)
  8 vault sentinels
  A merfolk siren (Lair:3)
  18 naga magi
  35 black mambas
  Maggie (D:8)
  A rime drake (Lair:6)
  16 yaktaurs
  15 cane toads
  2 kobold demonologists (D:12)
  10 komodo dragons
  9 freezing wraiths
  3 merfolk
  A queen bee (shapeshifter) (Vaults:4)
  11 trolls
  2 hornets
  2 tengu conjurers (D:13)
  A troll (shapeshifter) (Vaults:3)
  A wind drake (shapeshifter) (Vaults:2)
  A polar bear (shapeshifter) (Vaults:3)
  2 polar bears
  18 slime creatures
  2 hornets (shapeshifter)
  12 blink frogs
  Prince Ribbit (D:7)
  17 dream sheep
  A centaur simulacrum (D:14)
  Sigmund (D:2)
  A redback (shapeshifter) (Vaults:2)
  2 vampires (D:15)
  7 wraiths
  2 basilisks
  2 chaos spawn (Gauntlet)
  51 yaks
  3 wyverns
  A fire bat (Volcano)
  A basilisk (shapeshifter) (Vaults:3)
  A yak (shapeshifter) (Vaults:1)
  A hog (shapeshifter) (Vaults:4)
  Grum (D:9)
  A human simulacrum (Vaults:1)
  6 vampire mosquitoes
  A neqoxec (Gauntlet)
  40 nagas
  6 wargs
  2 soldier ants (D:13)
  35 water moccasins
  4 sky beasts
  3 black bears
  18 orc warriors
  4 ice beasts
  2 eyes of draining
  3 phantoms
  7 boggarts
  A human zombie (Vaults:1)
  13 centaurs
  40 ogres
  2 orc skeletons (Vaults:1)
  A necrophage (D:7)
  An elf skeleton (Vaults:3)
  17 wolves
  A human skeleton (Vaults:1)
  4 big kobolds (D:12)
  19 bullfrogs
  An ogre simulacrum (Vaults:1)
  2 scorpions
  11 killer bees
  2 electric eels
  4 howler monkeys
  20 wights
  A lava snake (Volcano)
  3 centaur zombies
  A quasit (D:8)
  5 hounds
  4 centaur skeletons
  9 orc priests
  A bullfrog skeleton (D:11)
  A bullfrog zombie (D:9)
  4 jellies
  25 orc wizards
  2 iguanas
  Terence (D:2)
  9 worker ants
  A hound skeleton (D:6)
  A hound zombie (D:7)
  Robin (D:2)
  2 howler monkey skeletons
  14 adders
  3 shadow imps
  14 white imps
  4 ufetubi
  An ooze (D:2)
  3 adder skeletons
  4 worms
  4 dart slugs
  4 leopard geckos
  70 orcs
  4 bats
  6 giant cockroaches
  18 goblins
  12 hobgoblins
  2 jackals (D:4)
  3 quokkas
  6 ball pythons
  4 frilled lizards
  A jackal zombie (D:6)
  5 kobolds
  A leopard gecko skeleton (D:4)
  A leopard gecko zombie (D:9)
  8 rats
  A bush (Lair:6)
  3 tentacles (Shoals:1)
1246 creatures vanquished.

Vanquished Creatures (collateral kills)
  A lich (Vaults:4)
  3 ironheart preservers
  A deep elf death mage (Vaults:2)
  The ghost of Lytaqeus the Covert, a journeyman GnWn of Sif Muna (D:12)
  An ogre mage (Vaults:2)
  A naga warrior (Snake:4)
  An anaconda (Snake:4)
  A two-headed ogre (Vaults:4)
  A death yak (Lair:4)
  A deep elf knight (Vaults:1)
  A salamander mystic (Volcano)
  A storm dragon skeleton (Vaults:3)
  A wizard (D:13)
  2 deep elf archers (Vaults:1)
  A lindwurm (Snake:4)
  A necromancer (Vaults:3)
  An orc knight (Bailey)
  A cyclops (Vaults:1)
  2 salamanders
  5 ugly things (Vaults:4)
  A vault sentinel (Vaults:4)
  A manticore (D:13)
  A molten gargoyle (Volcano)
  A cane toad (Lair:4)
  2 kobold demonologists (D:12)
  3 yaktaurs
  A troll (Orc:1)
  5 blink frogs
  2 slime creatures (D:13)
  A yak (Lair:4)
  3 vampire mosquitoes (D:15)
  3 nagas (Snake:4)
  2 water moccasins (Lair:4)
  5 orc warriors
  7 ogres
  A centaur (D:10)
  4 big kobolds (D:12)
  3 orc priests (Orc:1)
  3 adders (Lair:4)
  4 orcs (Orc:1)
81 creatures vanquished.

Vanquished Creatures (others)
  A black mamba (Snake:1)
  4 dream sheep (Lair:2)
  An orc wizard (D:15)
  15 demonic plants (Gauntlet)
  30 fungi
  55 plants
  4 withered plants (Vaults:1)
110 creatures vanquished.

Grand Total: 1437 creatures vanquished

Notes
Turn   | Place    | Note
-------+----------+-------------------------------------------
     0 | D:1      | KCGemini the Felid Berserker began the quest for the Orb.
     0 | D:1      | Reached XP level 1. HP: 10/10 MP: 2/2
   219 | D:1      | Reached XP level 2. HP: 14/14 MP: 3/3
   394 | D:1      | Reached skill level 1 in Stealth
   682 | D:2      | Reached ** piety under Trog
   683 | D:2      | Reached XP level 3. HP: 17/17 MP: 4/4
   698 | D:2      | Noticed Terence
   709 | D:2      | Killed Terence
   981 | D:2      | Reached XP level 4. HP: 21/21 MP: 5/5
  1199 | D:2      | You fall into a shaft and drop 1 floor!
  1652 | D:3      | Reached skill level 5 in Dodging
  1652 | D:3      | Reached XP level 5. HP: 25/25 MP: 6/6
  1741 | D:3      | Reached *** piety under Trog
  2131 | D:3      | Reached skill level 4 in Fighting
  2523 | D:2      | Noticed Robin
  2566 | D:2      | Gained mutation: You are covered in thick fur. (AC +2)
                  | [Felid growth]
  2566 | D:2      | Reached XP level 6. HP: 28/28 MP: 7/7
  2572 | D:2      | Killed Robin
  2737 | D:2      | Noticed Sigmund
  2746 | D:2      | Killed Sigmund
  3152 | D:4      | Reached skill level 5 in Unarmed Combat
  3152 | D:4      | Reached XP level 7. HP: 32/32 MP: 8/8
  3949 | D:5      | Entered Level 5 of the Dungeon
  4833 | D:6      | Reached XP level 8. HP: 36/36 MP: 9/9
  4913 | D:6      | Found a staircase to the Ecumenical Temple.
  4993 | D:6      | Reached skill level 5 in Fighting
  5878 | D:6      | Found a broken altar of Ashenzari.
  6243 | D:7      | Noticed Prince Ribbit
  6282 | D:7      | Killed Prince Ribbit
  6283 | D:7      | Reached XP level 9. HP: 40/40 MP: 10/10
  6339 | D:7      | Reached **** piety under Trog
  6708 | D:7      | Noticed a two-headed ogre
  6745 | D:7      | Killed a two-headed ogre
  6746 | D:7      | Reached skill level 6 in Fighting
  6891 | D:7      | Found a burning altar of Makhleb.
  6891 | D:7      | Found a shadowy altar of Dithmenos.
  7664 | D:8      | Found a radiant altar of Vehumet.
  7682 | D:8      | Noticed Maggie
  7696 | D:8      | Killed Maggie
  7697 | D:8      | Reached skill level 5 in Evocations
  7697 | D:8      | Reached XP level 10. HP: 32/46 MP: 11/11
  7735 | D:8      | Noticed a two-headed ogre
  7762 | D:8      | Killed a two-headed ogre
  7763 | D:8      | Reached skill level 10 in Stealth
  7992 | D:8      | Found Xadghoono's Assorted Antiques.
  7995 | D:8      | Bought a puce potion for 25 gold pieces
  8162 | D:8      | Reached skill level 7 in Fighting
  8474 | D:9      | Noticed Grum
  8480 | D:9      | Killed Grum
  8935 | D:9      | pls DCSS
  8963 | D:9      | Reached skill level 10 in Unarmed Combat
  9072 | D:9      | Noticed a two-headed ogre
  9076 | D:9      | Killed a two-headed ogre
  9077 | D:9      | Reached skill level 8 in Fighting
  9390 | D:9      | Reached ***** piety under Trog
  9445 | D:9      | Found a staircase to the Lair.
  9627 | D:10     | Entered Level 10 of the Dungeon
  9711 | D:10     | Reached XP level 11. HP: 52/52 MP: 12/12
  9977 | D:10     | Reached skill level 10 in Dodging
 10752 | D:11     | Found Afoatz's Antique Weapon Emporium.
 10801 | D:11     | Noticed a green ugly thing
 10820 | D:11     | Killed a green ugly thing
 11032 | D:11     | Reached skill level 9 in Fighting
 11132 | D:11     | Noticed a two-headed ogre
 11141 | D:11     | Killed a two-headed ogre
 11483 | D:11     | here we go
 11501 | D:12     | Found a flagged portal.
 11508 | Bailey   | Entered a bailey
 12009 | Bailey   | Noticed an orc knight
 12021 | Bailey   | Killed an orc knight
 12036 | Bailey   | Identified Noutom's Disquisition on Feathers and the
                  | Snowflakes
 12298 | D:12     | DCSS pls
 12494 | D:12     | Noticed a deep elf mage
 12502 | D:12     | Killed a deep elf mage
 12653 | D:12     | Found a runed translucent gate.
 12653 | D:12     | Found a runed translucent gate.
 12655 | D:12     | Found a runed translucent gate.
 12656 | D:12     | Noticed Lytaqeus's ghost (journeyman GnWn)
 12698 | D:12     | Found a staircase to the Orcish Mines.
 13165 | D:12     | Killed Lytaqeus's ghost
 13166 | D:12     | Gained mutation: Your thick and shaggy fur keeps you warm.
                  | (AC +3, rC+) [Felid growth]
 13166 | D:12     | Reached XP level 12. HP: 46/58 MP: 13/13
 13364 | D:13     | Noticed a two-headed ogre
 13389 | D:13     | Killed a two-headed ogre
 13457 | D:13     | Noticed an ogre mage
 13470 | D:13     | Killed an ogre mage
 13501 | D:13     | Reached skill level 10 in Fighting
 13679 | D:13     | Noticed an ogre mage
 13745 | D:13     | Noticed a tengu warrior
 14336 | D:13     | Noticed a vault guard
 14345 | D:13     | Noticed a vault guard
 14357 | D:13     | Killed a tengu warrior
 14739 | D:13     | Noticed an ogre mage
 14749 | D:13     | Killed an ogre mage
 14750 | D:13     | Reached XP level 13. HP: 62/62 MP: 14/14
 15727 | D:13     | Found the +12 glaive of Prune {vorpal}
 15933 | D:13     | Reached skill level 11 in Fighting
 16513 | D:13     | Found a gate to the Vaults.
 16760 | D:14     | Found a gate leading to a gauntlet.
 16762 | D:14     | Noticed Jorgrun
 16778 | D:14     | Killed Jorgrun
 16781 | Gauntlet | Entered a Gauntlet
 16781 | Gauntlet | Found a transporter.
 16781 | Gauntlet | Found a transporter.
 16928 | Gauntlet | Found a transporter.
 16946 | Gauntlet | Found a transporter.
 16946 | Gauntlet | Found a transporter.
 16948 | Gauntlet | Found a transporter.
 16948 | Gauntlet | Found a transporter.
 16949 | Gauntlet | Found a transporter.
 16964 | Gauntlet | Found a transporter.
 16969 | Gauntlet | Found a runed translucent door.
 16976 | Gauntlet | Found a transporter.
 16984 | Gauntlet | Identified the ring "Qiamot" {rElec rC+ Dex+2 Slay+3}
 16986 | Gauntlet | Found a transporter.
 17001 | Gauntlet | Found a transporter.
 17020 | Gauntlet | Found a transporter.
 17031 | Gauntlet | Found a transporter.
 17402 | Gauntlet | Noticed a minotaur
 17422 | Gauntlet | Killed a minotaur
 18017 | D:14     | Reached skill level 12 in Fighting
 18070 | D:14     | Reached skill level 15 in Stealth
 18188 | D:14     | Reached XP level 14. HP: 69/69 MP: 15/15
 18367 | D:14     | Found Suajiots's Book Emporium.
 18499 | D:15     | Entered Level 15 of the Dungeon
 18674 | D:15     | Found Zosmyrr's Assorted Antiques.
 19075 | D:15     | Reached skill level 13 in Fighting
 19261 | D:15     | Bought a steaming wooden ring for 145 gold pieces
 19261 | D:15     | Bought an iron ring for 145 gold pieces
 19261 | D:15     | Bought a scroll labelled URGHEPT GUHY for 29 gold pieces
 19261 | D:15     | Bought a viscous green potion for 26 gold pieces
 19497 | D:15     | Found Qiygg's Magic Scroll Boutique.
 19505 | D:15     | Bought a scroll of noise for 12 gold pieces
 19505 | D:15     | Bought a scroll of identify for 24 gold pieces
 19505 | D:15     | Bought a scroll of teleportation for 36 gold pieces
 19505 | D:15     | Bought 2 scrolls of identify for 48 gold pieces
 19505 | D:15     | Bought a scroll of identify for 24 gold pieces
 19505 | D:15     | Identified the ring "Aqiufynk" {rF+ Dex+2} (You bought it
                  | in a shop on level 15 of the Dungeon)
 19549 | D:15     | Found a staircase to the Depths.
 19867 | D:15     | Found Henevian's Magic Scroll Shoppe.
 19876 | D:15     | Bought a scroll of teleportation for 39 gold pieces
 19876 | D:15     | Bought a scroll of teleportation for 39 gold pieces
 19876 | D:15     | Bought a scroll of identify for 26 gold pieces
 19876 | D:15     | Bought a scroll of identify for 26 gold pieces
 19957 | D:15     | going to be one of those games isn't it?
 20085 | Orc:1    | Entered Level 1 of the Orcish Mines
 20124 | Orc:1    | Reached skill level 15 in Unarmed Combat
 20269 | Orc:1    | Found a dark tunnel.
 20278 | Volcano  | Entered a volcano
 20419 | Volcano  | Found a burning altar of Makhleb.
 20433 | Volcano  | Reached skill level 14 in Fighting
 20757 | Orc:2    | Entered Level 2 of the Orcish Mines
 20757 | Orc:2    | Found a staircase to the Elven Halls.
 20946 | Elf:1    | Entered Level 1 of the Elven Halls
 21368 | Orc:2    | Reached skill level 15 in Dodging
 21469 | Orc:2    | Reached skill level 15 in Fighting
 21710 | Orc:2    | Reached XP level 15. HP: 77/77 MP: 16/16
 21851 | Orc:2    | Found Amumoer's Gadget Emporium.
 21853 | Orc:2    | Found Ravifae's Antique Weapon Shop.
 21853 | Orc:2    | Found Aducleig's Distillery.
 21853 | Orc:2    | Found Voajuhom's Jewellery Boutique.
 21865 | Orc:2    | Bought a potion of lignification for 45 gold pieces
 21867 | Orc:2    | Bought a condenser vane for 720 gold pieces
 21868 | Orc:2    | Bought an uncursed ring of resist corrosion for 360 gold
                  | pieces
 22301 | Orc:2    | a 3 rune game is looking really good right about now
 22400 | Lair:1   | Entered Level 1 of the Lair of Beasts
 22730 | Lair:1   | Got a bound bone amulet
 22821 | Lair:1   | You fall into a shaft and drop 1 floor!
 22853 | Lair:2   | Noticed Erica
 22857 | Lair:2   | Found a transporter.
 22859 | Lair:2   | Found a transporter.
 22861 | Lair:2   | Killed Erica
 23481 | Lair:2   | Reached skill level 16 in Fighting
 23679 | Lair:2   | Found a shimmering altar of Xom.
 23680 | Lair:2   | pls
 25735 | Lair:3   | Found a staircase to the Shoals.
 26228 | Lair:3   | I fuckin hate this game rn
 26228 | Lair:3   | Identified the amulet "Vobeup" {rF+ rN+ Regen+} (You found
                  | it on level 1 of the Lair of Beasts)
 26650 | Lair:3   | Identified a scroll of acquirement
 26652 | Lair:3   | Acquired a manual of Fighting
 26815 | Lair:4   | Found a staircase to the Snake Pit.
 27260 | Lair:4   | Reached skill level 17 in Fighting
 27564 | Lair:4   | Got a bound diamond amulet
 28331 | Lair:5   | Noticed Josephine
 28411 | Lair:5   | Killed Josephine
 28505 | Lair:5   | Found a staircase to the Slime Pits.
 28506 | Lair:5   | Found a viscous altar of Jiyva.
 28660 | Lair:5   | Noticed Urug
 28673 | Lair:5   | Killed Urug
 28683 | Lair:5   | Reached XP level 16. HP: 84/84 MP: 17/17
 29747 | Lair:6   | Entered Level 6 of the Lair of Beasts
 29749 | Lair:6   | Identified the amulet of the Serpent {Inacc rN+ Int-4
                  | Dex+3} (You found it on level 4 of the Lair of Beasts)
 29965 | Lair:6   | Gained mutation: You passively map a small area around you.
                  | [potion of mutation]
 29965 | Lair:6   | Gained mutation: You are resistant to hostile enchantments.
                  | (MR+) [potion of mutation]
 29966 | Lair:6   | Lost mutation: You are resistant to hostile enchantments.
                  | (MR+) [potion of mutation]
 29966 | Lair:6   | Lost mutation: You passively map a small area around you.
                  | [potion of mutation]
 29966 | Lair:6   | Gained mutation: You possess an exceptional clarity of
                  | mind. [potion of mutation]
 29966 | Lair:6   | Gained mutation: You have a pair of small antennae on your
                  | head. [potion of mutation]
 30337 | Lair:6   | Reached skill level 18 in Fighting
 31492 | Lair:6   | this situation is FUBAR
 31566 | Snake:1  | Entered Level 1 of the Snake Pit
 31578 | Snake:1  | really need some shops here
 31614 | Snake:1  | Noticed Nikola
 31648 | Snake:1  | Killed Nikola
 31649 | Snake:1  | Reached skill level 19 in Fighting
 32959 | Snake:2  | Found Huoc's Humungous Hoard.
 33978 | Snake:3  | Noticed Roxanne
 33988 | Snake:3  | Killed Roxanne
 35202 | Snake:3  | Reached XP level 17. HP: 91/91 MP: 18/18
 36025 | Snake:4  | Entered Level 4 of the Snake Pit
 36531 | Snake:4  | Reached skill level 10 in Evocations
 37030 | Snake:4  | Noticed Aizul
 37044 | Snake:4  | Killed Aizul
 41172 | Snake:4  | Reached XP level 18. HP: 97/97 MP: 19/19
 41285 | Snake:4  | Reached skill level 20 in Fighting
 41616 | Snake:4  | Got a serpentine rune of Zot
 42140 | Vaults:1 | Entered Level 1 of the Vaults
 42277 | Vaults:1 | gj
 42301 | Vaults:1 | Found Jidi's Jewellery Shop.
 42428 | Vaults:1 | Found Vator's Assorted Antiques.
 42468 | Vaults:1 | Bought a potion of mutation for 232 gold pieces
 42517 | Vaults:1 | Found Kottun's Distillery.
 42531 | Vaults:1 | Bought a potion of cancellation for 144 gold pieces
 42975 | Vaults:1 | the luck was real
 43044 | Vaults:1 | Found Inotiruo's Distillery.
 43103 | Vaults:1 | Found Vaner's Antique Armour Shop.
 43107 | Vaults:1 | DCSS pls
 43226 | Vaults:1 | Reached skill level 15 in Evocations
 43852 | Vaults:1 | Found a runed translucent gate.
 43852 | Vaults:1 | Found a runed translucent gate.
 43852 | Vaults:1 | Found a runed translucent gate.
 43854 | Vaults:1 | Noticed Kipt's ghost (adept SpFE)
 43854 | Vaults:1 | Noticed Lopreidd's ghost (veteran TeAM)
 44334 | Vaults:1 | Acquired a manual of Evocations
 44336 | Vaults:1 | I'm crying in RL rn
 44389 | Vaults:2 | Found a staircase to the Crypt.
 45935 | Vaults:2 | Reached XP level 19. HP: 85/101 MP: 20/20
 46564 | Vaults:2 | Reached ****** piety under Trog
 48614 | Vaults:3 | Found Kivvih's Magic Scroll Shop.
 48648 | Vaults:3 | Bought a scroll of vulnerability for 112 gold pieces
 49438 | Vaults:4 | trove pls
 49518 | Vaults:4 | Found a portal to a secret trove of treasure.
 49527 | Vaults:4 | and asking for the potions I actually need
 49527 | Vaults:4 | yep DCSS is trolling hard
 49933 | Vaults:4 | Reached XP level 20. HP: 73/106 MP: 21/21
 51225 | Slime:1  | Entered Level 1 of the Pits of Slime
 51261 | Slime:1  | Reached skill level 21 in Fighting
 51896 | Shoals:1 | Entered Level 1 of the Shoals
 52374 | Shoals:1 | HP: 1/162 [harpy (13)]
 52375 | Shoals:1 | Drowned by a water elemental
 52376 | Shoals:1 | Reached XP level 19. HP: -2/154 MP: 20/20
 52376 | Shoals:1 | shocker
 52376 | Shoals:1 | Quit the game

Illustrated notes ......#####.......# ......# #.......# ####### ##'###### # #)).## ###).# ##.### #....# #....# #.)@.# #....# .......# ####...... #....### ##.### #># #.. Turn 8935 on D:9: pls DCSS ..# #.########......# ..#####...............# ......................# ##....................# .#####'#######........# .............#........# .............#...###### ...######..###...# ...#....#..#....@# ...#....#..#.....# ...'....#..#.....# ...######..#.....# ...........#.....# ...........#.....# ############.....####### ...............?.......# ##.....................# Turn 11483 on D:11: here we go #......# ..<....# #.$.? #####+## .... .... ... #.##### ###.....## ##+##### #..<.....# .......# #..@.....# .......# #........# .......# ####........+ .......####..'........# .......##...##........# .......##.####........# .......#..# #........# .......#.## #........# ..|(...'.# #?.......# Turn 12298 on D:12: DCSS pls #... #... #... ##############... #................ #................ ######................ #..................... #....@................ ###......##########... #......#........#... #......#........#... #......#........#... #......#........#... #......#...)....#... #......#........#... #......#........#... Turn 19957 on D:15: going to be one of those games isn't it? ########## ##.#.#.##.### ##...........## ####.....#.##....# #.##............@# ................## ..##...........## ..##............# ..#...[[.......## ....[..)......## ### ........[.....#### ##.## ...............#.###...# .#...(..#.....#...#....# Turn 22301 on Orc:2: a 3 rune game is looking really good right about now #### ##..#P# ... #####..#..# ### #.#####(##....### #.. #............# ### #............## #. ##...##.##.....### #. #.....##.......#.# ## ###...............## # #.....@.....P##...!#### ###.........####......# #...Y.Y...P##........ ##....Y....####.#..... #P###....Y.Y....# ###..... ...............## #..... .####...........# #..... #............ #..... #####........ ##.... Turn 23680 on Lair:2: pls

..##.....#.###......####.#####≈≈≈
...................P#P#..####≈###
............................#≈≈≈#
............................#≈≈≈#
........................[...#≈≈≈#
............................#≈###
............h...............##≈≈≈
........#.###......P.........#≈)≈
........##.###..@..P.#.####..#≈≈≈
........#.....#.....#...####.####
....................P.....##.....
........##...##....+.......+....#
........##...#.....#...##..#.....
........#P...#P.....########.....
...<....#..#.##....P###P###.....#
..........÷..#...................
.................................


Turn 26228 on Lair:3: I fuckin hate this game rn ##### ####.#.############# ♣
#♣..##.#.##.....#...# ♣♣♣.................PP# ≈.♣♣............@...P## ##
≈..♣................######### ##. ≈≈..................#.P..PP.###..
≈†.♣......................P...... ≈†≈♣.........§≈≈§§§..............
≈≈≈♣.........≈###≈P...##.##.PP... ≈≈≈♣....|....≈≈##≈P.PP.####.###..
≈≈≈♣.........§##§≈.....###.#####. ≈≈.♣.........§≈##≈..P........# #. Turn 31492
on Lair:6: this situation is FUBAR #...##.<# #...#...# +#...#..## ###....)#####
............# .$...8......# ............# ###.....###.# +#...#@.### #...#)..#
#...##.># #... ### #... #.#. #.⌠. Turn 31578 on Snake:1: really need some shops
here ### ... .. ##'##+##. #†(...... #()....$. ######@# #......# #......#
#......# #.∩....# #(.....# #......# #......# ######## Turn 42277 on Vaults:1: gj
#########.)#.#..###### #......).....# #####.)......# ########)#######
#.....()(...# #...#.(.#...# #. #.(.#...# #.###.).###.# #......)..@.#
#......)....# #.....†)....# #.###..)###.# #. #.))# .# # #.).# .# ....... .+
#####+##### ... Turn 42975 on Vaults:1: the luck was real #.........#
#.........########### #.........'†......... #####'#####.......... ...
#.......... #..# ###.......... '## #...8........ #.#.........∩ #.8.@>8...^..
####.....#### #8.#### #..# #### Turn 43107 on Vaults:1: DCSS pls ...#.(.#...#
.###.).###.# .....))....# ......)....# ......)....# .###..)###.# ########
...#.))#...###......#### ...#.).#...##..#....#)}# ...........'...#@......#
######'######..#....#.(# #.........###......#### #.........# ########
#.........# #....)....# #.........############## #....)....'............#
#####'#####............# Turn 44336 on Vaults:1: I'm crying in RL rn ....#
######....# ...uu....# #+###........+ #####...#...u.uu.# #####...#.).#.....u..#
##...#...')..#........# .#...'...##'###.@.....# .'...######...#.........
.######...#.>.'......... '##...#.).#...#......... ..#.).'...##+###........
..#...##'### #.......# ..###)##...# #.......# #'##...#.(.# #.......#
...).).#...# #...... Turn 49438 on Vaults:4: trove pls .....# #..########....
#+#..#.... #.............. . #..#.... #.............. ..#..#... #..............
..+..#.. #.............. ..#..#.############........ ###..#.#.........##........
#..'.#.#.#.#.#.##....#### #..'.'........@∩#....# #..#.#.#.#.#.#.##....#
#..#.#.........##....# #).#.############§...# #..#.. #..........# #..###
#+###........+ ....#####...#........# .#####...#.).#..†..†..#
###...#...')..#..†..)..# Turn 49527 on Vaults:4: and asking for the potions I
actually need ≈ ≈≈≈≈≈≈. ≈≈≈≈≈ ≈ ≈≈≈≈... .≈≈≈≈ ≈ ≈≈≈≈≈..###.≈≈≈≈ ≈
≈≈≈≈≈≈≈....≈≈≈≈ ≈ ≈≈≈≈≈≈≈...≈≈≈≈≈ ≈ ≈≈≈≈≈≈≈....≈≈≈≈ ≈ ≈≈≈≈≈≈≈...≈≈≈≈≈ ≈
≈≈≈≈≈≈≈@.≈≈≈≈≈≈ ≈ ≈≈≈≈≈≈≈..≈≈.... ≈ ≈≈≈≈≈≈≈≈.≈≈...≈ ≈ ≈≈≈≈≈≈≈≈≈≈≈≈≈≈≈ ≈
≈≈≈≈.≈≈≈≈≈.≈≈≈≈ ≈ ≈≈≈≈≈.≈≈≈≈≈≈≈≈≈ ≈ ≈≈≈≈≈.≈.≈≈≈≈≈.≈ ≈≈≈.....≈≈≈≈... Turn 52376
on Shoals:1: shocker

Levels and vault maps discovered:
D:1:      erik_arrival_triangle_medium, layout_rooms, minmay_liquid_box,
          minmay_worlds_worst_comb
D:2:      layout_loops_cross, corexii_item_surrounded_by_moat,
          grunt_decor_arrowhead, uniq_robin, uniq_terence, uniq_sigmund
D:3:      cheibrodos_old_hovel, layout_loops_cross, serial_rivers,
          chequers_serial_rivers_large_a, chequers_serial_rivers_small_b,
          chequers_serial_rivers_marsh, chequers_serial_rivers_small_a,
          chequers_serial_rivers_large_b
D:4:      layout_basic, minmay_crystal_water, grunt_ministairs_10
D:5:      layout_cave_pools
D:6:      layout_rooms, nicolae_ashenzari_panopticon,
          minmay_temple_entry_overgrown, grunt_ministairs_10,
          grunt_decor_clamped
D:7:      minmay_chambers_of_sixes, layout_loops_cross,
          gammafunk_temple_overflow_wave, uniq_prince_ribbit1
D:8:      layout_rooms, vehumet_crystals, serial_shops, kennysheep_mini,
          minivault_25, uniq_maggie
D:9:      layout_roguey, lair_entry_dummy, uniq_grum
D:10:     layout_loops_ring
D:11:     layout_irregular_city, serial_shops, shop_coins
D:12:     layout_roguey, orc_0_dummy, enter_bailey_2,
          gammafunk_ghost_nasty_kobolds
D:13:     minmay_tri_stars, layout_layer_cave, grunt_vaults_entry_fortified,
          minmay_guarded_unrand_prune
D:14:     layout_gridville, hangedman_decor_opposing,
          portal_ice_cave_entry_imps, gauntlet_entry_generic, serial_shops,
          shop, grunt_ministairs_12, minmay_lindwurm_lava, uniq_jorgrun
D:15:     grunt_enter_depths_snipers, layout_irregular_city, serial_shops,
          nicolae_shop_stone, shop, nicolae_shop_crystal
Lair:1:   layout_small_grid, minivault_26, minivault_26, lemuel_fruit_fields
Lair:2:   gammafunk_boulding_lane, layout_layer_cave, kb_xom_exploding_sheep,
          uniq_erica
Lair:3:   dpeg_oklob_gauntlet, layout_regular_city, elwin_shoals_entry_rooms,
          grunt_forest_small_clearings, hibernation_bobbens
Lair:4:   layout_hall_layers, minmay_snake_entry_six_corridors,
          chequers_serial_rivers_small_3, grunt_megastairs_2,
          infiniplex_staircase_pool_2, serial_bayou_shore_a
Lair:5:   layout_gridlike, slime_altar_1, grunt_megastairs_4, uniq_urug,
          uniq_josephine
Lair:6:   grunt_lair_end_beastmaster, layout_gridlike, wad_woods_river_02,
          st_stairs_7
Shoals:1: layout_shoals, uniq_louise
Snake:1:  layout_misc_corridors, special_room, grunt_ministairs_6,
          grunt_megastairs_5, uniq_nikola
Snake:2:  layout_layer_cave, nicolae_alphabet_shops, drop_trap
Snake:3:  layout_chambers, st_stairs_12, nicolae_snake_round_shape_thing,
          uniq_roxanne
Snake:4:  snake_pit_salamanders_mu, layout_cave_town, uniq_aizul
Slime:1:  layout_caves
Slime:2:  layout_caves, basic_altar
Orc:1:    layout_caves, lightli_volcano_entry_magma_tube
Orc:2:    st_orc_ogre_mass, layout_caves
Elf:1:    layout_geoelf_diagonals, evilmike_minifort, grunt_megastairs_3,
          uniq_agnes, uniq_donald
Vaults:1: gammafunk_vaults_ghost_cemetery, nicolae_vaults_asterisk,
          hangedman_vaults_stagger, hangedman_vaults_impose,
          hangedman_vaults_maws, v_misc_2, nicolae_vaults_statue_guard,
          v_pattern_1, v_misc_11, ontoclasm_vaults_shuriken, v_misc_17,
          vaults_dpeg_hooks, nicolae_vaults_angled_halls, v_misc_25,
          layout_vaults_maze, serial_shops, shop, nicolae_shop_statue_plus,
          shop, nicolae_shop_stone, shop
Vaults:2: grunt_vaults_twisty, nicolae_vaults_circle_grid_b,
          minmay_crypt_entry_simple_sparse, vaults_mumra_minichess_inversion,
          vaults_mumra_hexcomb, nicolae_vaults_angled_halls,
          nicolae_vaults_branching_niches,
          nicolae_vaults_windows_and_doors_thing, ontoclasm_vaults_idyll,
          grunt_vaults_funnel, nicolae_vaults_asterisk, layout_vaults_big_cross
Vaults:3: ontoclasm_vaults_idyll, vaults_dpeg_diagonal, v_misc_8,
          hangedman_vaults_hat, v_pattern_2, ontoclasm_vaults_idyll,
          ontoclasm_vaults_decontamination, nicolae_vaults_what_the_h,
          v_misc_19, layout_vaults_big_room, serial_shops, shop
Vaults:4: nicolae_vaults_lopsided_apartments, nicolae_vaults_network_star,
          nicolae_vaults_ninety_degrees, ontoclasm_vaults_tryst,
          nicolae_vaults_diagonal_hallway_7, vaults_room_door_ring,
          ontoclasm_vaults_twist, nicolae_vaults_specimen_jars,
          layout_vaults_omnigrid, nicolae_trove_entry_columns, uniq_margery

Skill      XL: |  1  2  3  4  5  6  7  8  9 10 11 12 13 14 15 16 17 18 19 20 |
---------------+-------------------------------------------------------------+-----
Stealth        | 1 2 3 6 8 9 10 12 13 15 16 17 18 19 | 19.8
Unarmed Combat | 4 5 7 9 10 11 13 14 15 16 17 | 17.7
Dodging        | 5 6 7 8 9 11 12 13 15 16 17 18 19 | 19.0
Fighting       | 4 5 6 8 9 10 12 15 17 19 20 21 | 21.1
Evocations     | 3 4 5 8 12 17 20 | 20.0

Action                   |  1- 3 |  4- 6 |  7- 9 | 10-12 | 13-15 | 16-18 | 19-21 || total
-------------------------+-------+-------+-------+-------+-------+-------+-------++-------
Melee: Unarmed           |    77 |   121 |   273 |   511 |   952 |  1408 |   552 ||  3894
       Bite              |     7 |    13 |    32 |    48 |   135 |   219 |    80 ||   534
       Punch             |       |       |     8 |    27 |    96 |   142 |    53 ||   326
Invok: Berserk           |     2 |     9 |    14 |    24 |    47 |    51 |    14 ||   161
       Trog's Hand       |       |     2 |     6 |    13 |    22 |    39 |    15 ||    97
       Brothers in Arms  |       |       |       |     6 |    11 |     8 |     4 ||    29
Evoke: Wand              |       |       |     4 |     2 |    28 |    30 |     3 ||    67
       Phantom mirror    |       |       |       |       |     3 |       |       ||     3
       Tin of tremorston |       |       |       |       |     4 |     1 |       ||     5
       Box of beasts     |       |       |       |       |     3 |     4 |     4 ||    11
       Phial of floods   |       |       |       |       |     2 |       |       ||     2
       Condenser vane    |       |       |       |       |     1 |     6 |     4 ||    11
  Use: Scroll            |       |     1 |    16 |     7 |    14 |     8 |     1 ||    47
       Potion            |       |       |       |       |     4 |     3 |     2 ||     9
 Stab: Sleeping          |    12 |     8 |    16 |    40 |    49 |    53 |    52 ||   230
       Distracted        |       |     1 |     1 |     4 |     6 |    21 |     2 ||    35
       Invisible         |       |       |       |       |     9 |       |       ||     9
       Paralysed         |       |       |       |       |     1 |     4 |     1 ||     6
       Petrified         |       |       |       |       |       |     2 |       ||     2
       Petrifying        |       |       |       |       |       |     1 |       ||     1
Armor: Skin              |       |     4 |     3 |     7 |    12 |    23 |     7 ||    56
Dodge: Dodged            |    48 |    81 |   203 |   374 |   681 |  1087 |   431 ||  2905
Block: Other             |       |       |    48 |    93 |   141 |   199 |    96 ||   577
       Reflection        |       |       |       |     7 |     3 |    17 |     5 ||    32

Table legend: (Time is in decaauts)
 A = Elapsed time spent in this place.
 B = Non-inter-level travel time spent in this place.
 C = Inter-level travel time spent in this place.
 D = Time resting spent in this place.
 E = Time spent auto-exploring this place.
 F = Levels seen in this place.
 G = Mean time per level.
                   A        B        C        D        E       F      G
               +--------+--------+--------+--------+--------+-----+--------+
         Total |  47866 |  46311 |   1555 |  19218 |  17715 |  38 | 1259.6 |
       Dungeon |  17665 |  17056 |    609 |   6875 |   7117 |  15 | 1177.7 |
          Lair |   8687 |   8216 |    471 |   3056 |   3839 |   6 | 1447.8 |
        Shoals |    457 |    457 |      0 |    234 |    123 |   1 |  457.0 |
     Snake Pit |   9448 |   9212 |    236 |   4579 |   2869 |   4 | 2362.0 |
    Slime Pits |    358 |    358 |      0 |    224 |      9 |   2 |  179.0 |
  Orcish Mines |   1741 |   1703 |     38 |    607 |    529 |   2 |  870.5 |
   Elven Halls |     16 |     16 |      0 |      0 |      0 |   1 |   16.0 |
        Vaults |   7892 |   7692 |    200 |   3014 |   2960 |   4 | 1973.0 |
        Bailey |    647 |    647 |      0 |    234 |    142 |   1 |  647.0 |
       Volcano |    295 |    295 |      0 |    123 |     16 |   1 |  295.0 |
      Gauntlet |    655 |    655 |      0 |    268 |    106 |   1 |  655.0 |
               +--------+--------+--------+--------+--------+-----+--------+

Top non-repeatable levels by time:
 Snake:4: 5548 daAuts
    D:13: 3500 daAuts
Vaults:2: 2904 daAuts
Vaults:1: 2418 daAuts
 Snake:3: 1869 daAuts
  Lair:3: 1623 daAuts
  Lair:6: 1604 daAuts
  Lair:4: 1558 daAuts
  Lair:5: 1531 daAuts
     D:9: 1469 daAuts
  Lair:2: 1404 daAuts
Vaults:4: 1393 daAuts
    D:15: 1386 daAuts
     D:3: 1363 daAuts
 Snake:1: 1188 daAuts
